 Dungeon Crawl Stone Soup version 0.22-a0-456-g11ed031617 (webtiles) character file.

1025 Kaname the Conjurer (level 8, 48/53 HPs)
             Began as a Demonspawn Wizard on June 6, 2018.
             Was an Initiate of Gozag.
             Quit the game on level 4 of the Dungeon.
             The game lasted 00:21:21 (4842 turns).

Kaname the Conjurer (Demonspawn Wizard)             Turns: 4842, Time: 00:21:22

Health: 48/53      AC:  5    Str:  9    XL:     8   Next: 2%
Magic:  3/13       EV: 12    Int: 21    God:    Gozag
Gold:   142        SH:  0    Dex: 11    Spells: 5/14 levels left

rFire    . . .     SeeInvis .   o - staff of wizardry
rCold    . . .     Gourm    .   (no shield)
rNeg     . . .     Faith    .   a - +1 robe
rPois    .         Spirit   .   b - +0 hat
rElec    .         Reflect  .   (no cloak)
rCorr    .         Harm     .   (no gloves)
MR       .....                  s - +0 pair of boots
Stlth    +++.......             h - amulet of the acrobat
HPRegen  2.17/turn              (no ring)
MPRegen  0.13/turn              (no ring)

@: gold aura
A: claws 1, rugged brown scales 1, powered by death 2, powered by pain 1
a: Potion Petition, Call Merchant, Bribe Branch, Renounce Religion


You were on level 4 of the Dungeon.
You worshipped Gozag.
Gozag was aware of your devotion.
You were not hungry.

You visited 2 branches of the dungeon, and saw 5 of its levels.

You collected 192 gold pieces.
You paid 50 gold pieces to Gozag.

Inventory:

Hand Weapons
 m - a +0 short sword
 x - a +0 spear
Missiles
 f - 76 arrows
Armour
 a - a +1 robe (worn)
 b - a +0 hat (worn)
 s - a +0 pair of boots (worn)
Magical Staves
 o - an uncursed staff of wizardry (weapon)
Jewellery
 h - an amulet of the acrobat (around neck)
Wands
 q - a wand of enslavement (8)
 u - a wand of paralysis (9)
 A - a wand of flame (24)
Scrolls
 e - 2 scrolls of teleportation
 g - a scroll of blinking
 i - 3 scrolls of amnesia
 j - a scroll of fog {unknown}
 n - 2 scrolls of enchant weapon
 r - a scroll of remove curse
 v - a scroll of enchant armour
 y - a scroll of identify
 z - a scroll of immolation {unknown}
Potions
 k - 3 potions of agility {unknown}
 l - a potion of might {unknown}
 p - a potion of heal wounds {unknown}
 t - a potion of curing {unknown}
 w - a potion of brilliance {unknown}
Comestibles
 d - 12 rations


   Skills:
 - Level 2.0 Short Blades
 - Level 1.7 Dodging
 - Level 5.0 Stealth
 + Level 3.7 Spellcasting
 - Level 6.1 Conjurations
   Level 1.0 Summonings
 - Level 1.0 Translocations
 - Level 2.1 Air Magic
 - Level 2.0 Poison Magic


You had 5 spell levels left.
You knew the following spells:

 Your Spells              Type           Power        Failure   Level  Hunger
a - Magic Dart            Conj           ####         1%          1    None
b - Blink                 Tloc           N/A          4%          2    ##.....
c - Mephitic Cloud        Conj/Pois/Air  ###.....     3%          3    ###....
d - Conjure Flame         Conj/Fire      ###.....     4%          3    ###....

Your spell library contained the following spells:

 Spells                   Type           Power        Failure   Level  Hunger
 Slow                     Hex            #.......     8%          2    ##.....
 Call Imp                 Summ           #.......     4%          2    ##.....


Dungeon Overview and Level Annotations

Branches:
Dungeon (4/15)             Temple (1/1) D:4

Altars:
Cheibriados
Elyvilon
Fedhas
Gozag
Hepliaklqana
Kikubaaqudgha
Ru
Trog
Uskayaw
Vehumet
Yredelemnul
Zin


Innate Abilities, Weirdness & Mutations

You have sharp fingernails.
You are partially covered in rugged brown scales. (AC +1, +3% HP)
You regenerate health from kills.
You sometimes gain a little power by taking damage.


Message History

Aiming: Magic Dart (safe; 1% risk of failure)
Press: ? - help, Shift-Dir - straight line, f/p - ogre
Aim: an ogre, wielding a giant club (severely wounded)
The magic dart hits the ogre.
The ogre is almost dead.
Casting: Magic Dart (safe; 1% risk of failure)
Confirm with . or Enter, or press ? or * to list all spells.
Aiming: Magic Dart (safe; 1% risk of failure)
Press: ? - help, Shift-Dir - straight line, f/p - ogre
Aim: an ogre, wielding a giant club (almost dead)
The magic dart hits the ogre.
You kill the ogre!
You have reached level 8!
You feel stronger.
Your demonic ancestry asserts itself...
Rugged brown scales grow over part of your body.
Are you sure you want to abandon this character and quit the game? (Confirm with "yes".)
Okay, then.
Unknown command.
Unknown command.
Are you sure you want to abandon this character and quit the game? (Confirm with "yes".)

..... ..... ########### .....#
#.........#
.........####.........#
.......#..............#
........####..).......#
..........)...........#
.........####...@.[...#
.....$...# #[........##
.........# #..........##
.....)...#########.$....#
......)....# #......#########
>..........# #...............
###........# #...####.....$..
#........#######.#.##.........#
###..........##..#.##.##....#..


There were no monsters in sight!

Vanquished Creatures
  A phantom (D:3)
  4 ogres (D:4)
  The ghost of mrRosa the Magician, an amateur DEWz (D:4)
  A scorpion (D:3)
  A hound (D:4)
  4 orc wizards (D:4)
  4 orc priests (D:4)
  2 worker ants
  A hound skeleton (D:4)
  4 gnolls (D:3)
  3 adders
  An adder skeleton (D:4)
  2 worms
  4 dart slugs
  2 leopard geckos
  10 orcs (D:4)
  3 bats
  3 giant cockroaches
  8 goblins
  8 hobgoblins
  5 jackals (D:2)
  7 kobolds
  4 quokkas
  A ball python (D:2)
  3 frilled lizards
  3 rats
90 creatures vanquished.

Vanquished Creatures (collateral kills)
  A giant cockroach (D:4)
1 creature vanquished.

Grand Total: 91 creatures vanquished

Notes
Turn   | Place    | Note
-------+----------+-------------------------------------------
     0 | D:1      | Kaname the Demonspawn Wizard began the quest for the Orb.
     0 | D:1      | Reached XP level 1. HP: 13/13 MP: 4/4
   345 | D:1      | Reached skill level 2 in Conjurations
   353 | D:1      | Gained mutation: You have sharp fingernails. [demonic ancestry]
   353 | D:1      | Reached XP level 2. HP: 19/19 MP: 1/6
   834 | D:1      | Reached skill level 3 in Conjurations
   838 | D:1      | Learned a level 2 spell: Blink
  1069 | D:2      | Reached XP level 3. HP: 19/24 MP: 7/7
  1148 | D:2      | Found a bloodstained altar of Trog.
  1191 | D:2      | Reached skill level 1 in Translocations
  1196 | D:2      | Learned a level 3 spell: Mephitic Cloud
  1399 | D:2      | HP: 1/24 [jackal (2)]
  1411 | D:2      | Reached skill level 1 in Poison Magic
  1813 | D:2      | Reached skill level 1 in Air Magic
  2121 | D:3      | Noticed a phantom
  2170 | D:3      | Gained mutation: You regenerate a little health from kills. [demonic ancestry]
  2170 | D:3      | Reached XP level 4. HP: 30/30 MP: 6/8
  2175 | D:3      | Learned a level 3 spell: Conjure Flame
  2562 | D:3      | Found a blossoming altar of Fedhas.
  2725 | D:3      | Reached skill level 4 in Conjurations
  2951 | D:3      | Found a blossoming altar of Fedhas.
  3062 | D:3      | Killed a phantom
  3062 | D:3      | Reached skill level 5 in Conjurations
  3062 | D:3      | Reached XP level 5. HP: 12/35 MP: 1/9
  3540 | D:4      | Noticed mrRosa's ghost (amateur DEWz)
  3632 | D:4      | Gained mutation: You regenerate health from kills. [demonic ancestry]
  3632 | D:4      | Reached XP level 6. HP: 38/41 MP: 3/10
  3729 | D:4      | Reached skill level 6 in Conjurations
  4156 | D:4      | Gained mutation: You sometimes gain a little power by taking damage. [demonic ancestry]
  4156 | D:4      | Reached XP level 7. HP: 46/46 MP: 3/11
  4335 | D:4      | Killed mrRosa's ghost
  4389 | D:4      | Reached skill level 5 in Stealth
  4432 | D:3      | Reached skill level 1 in Short Blades
  4644 | D:4      | Found a staircase to the Ecumenical Temple.
  4663 | Temple   | Entered the Ecumenical Temple
  4682 | Temple   | Became a worshipper of Gozag Ym Sagoz the Greedy
  4841 | D:4      | Gained mutation: You are partially covered in rugged brown scales. (AC +1, +3% HP) [demonic ancestry]
  4841 | D:4      | Reached XP level 8. HP: 46/53 MP: 3/13
  4842 | D:4      | Quit the game

Vault maps used:
D:1:      kennysheep_arrival_forest
D:2:      lightli_temple_of_fire, first_ration
D:3:      fedhas_altar_1
D:4:      temple_fountains, serial_shops, nicolae_shop_crystal
Temple:   eino_narrow_crystal_temple

Skill      XL: |  1  2  3  4  5  6  7 |
---------------+----------------------+-----
Conjurations   | 2 3 5 6 |  6.1
Translocations | 1 |  1.0
Poison Magic   | 1 2 |  2.0
Air Magic      | 1 2 |  2.1
Stealth        | 3 5 |  5.0
Short Blades   | 2 |  2.0
Dodging        | |  1.7
Spellcasting   | |  3.7
Summonings     | |  1.0

Action                   |  1- 3 |  4- 6 |  7- 9 || total
-------------------------+-------+-------+-------++-------
Melee: Short sword       |    60 |    36 |    23 ||   119
 Cast: Magic Dart        |    97 |   105 |    72 ||   274
       Mephitic Cloud    |       |     2 |     2 ||     4
       Blink             |       |       |     2 ||     2
Evoke: Wand              |       |     6 |     3 ||     9
  Use: Scroll            |     4 |     3 |     3 ||    10
       Potion            |     1 |     3 |       ||     4
 Stab: Paralysed         |       |    10 |       ||    10
  Eat: Chunk             |     4 |     5 |     3 ||    12
Armor: Robe              |    16 |    12 |     5 ||    33
Dodge: Dodged            |    84 |    29 |    17 ||   130

Table legend:
 A = Spawn XP
 B = Non-spawn XP
 C = Spawn XP percentage of total XP
 D = Spawn monster count
 E = Non-spawn monster count
 F = Spawn count percentage of total count
 G = Total turns spent on level
                    A         B        C        D         E        F      G
               +---------+---------+-------+---------+---------+-------+---------
         Total |       0 |    1465 |   0.0 |       0 |      91 |   0.0 |  4842
               +---------+---------+-------+---------+---------+-------+---------
           D:1 |       0 |      40 |   0.0 |       0 |      20 |   0.0 |  1024
           D:2 |       0 |      46 |   0.0 |       0 |      19 |   0.0 |  1065
           D:3 |       0 |     329 |   0.0 |       0 |      20 |   0.0 |  1885
           D:4 |       0 |    1050 |   0.0 |       0 |      32 |   0.0 |   840
               +---------+---------+-------+---------+---------+-------+---------
